[Event "Szansa Chess Open 2022"]
[Site "Warsaw"]
[Date "2022.09.17"]
[Round "4.4"]
[White "Nasuta, Grzegorz"]
[Black "Jarzebowski, Kacper"]
[Result "1-0"]
[ECO "B12"]
[WhiteElo "2531"]
[BlackElo "2106"]
[Annotator "ChessBase"]
[PlyCount "87"]
[EventDate "2022.09.17"]
[EventCountry "POL"]
[SourceTitle "playchess.com"]
[Source "ChessBase"]
[SourceQuality "1"]
[TimeControl "900+10"]

1. e4 c6 2. d4 d5 3. e5 c5 4. dxc5 e6 5. a3 Nc6 6. Nf3 a5 7. Be3 Qc7 8. Nc3 Nxe5 9. Nb5 Qb8 10. Nxe5 Qxe5 11. Be2 Bd7 12. Qd2 Bxc5 13. Bf4 Qxb2 14. O-O Bxb5 15. Rab1 Qd4 16. Bxb5+ Ke7 17. Bd3 b6 18. Be3 Qe5 19. Bxc5+ bxc5 20. Rb7+ Kf8 21. Rfb1 Nf6 22. R1b5 Qa1+ 23. Bf1 Qd4 24. Qe1 Ne4 25. Rd7 Kg8 26. Rxa5 Rf8 27. Raa7 c4 28. Rac7 c3 29. Re7 h5 30. Bd3 Nc5 31. Bg6 Rh6 32. Bxf7+ Kh8 33. Re8 Rxe8 34. Bxe8 Rf6 35. Bxh5 Ne4 36. Qe3 Qe5 37. Rc8+ Kh7 38. Bf3 Rh6 39. h3 Rh4 40. a4 d4 41. Qd3 g6 42. Qb5 Qf6 43. Bxe4 Rxe4 44. Qb7+ 1-0

[Event "Szansa Chess Open 2022"]
[Site "Warsaw"]
[Date "2022.09.17"]
[Round "4.5"]
[White "Kozak, Antoni"]
[Black "Kutowski, Marcel"]
[Result "1-0"]
[ECO "A14"]
[WhiteElo "2434"]
[BlackElo "2046"]
[Annotator "ChessBase"]
[PlyCount "63"]
[EventDate "2022.09.17"]
[EventCountry "POL"]
[SourceTitle "playchess.com"]
[Source "ChessBase"]
[SourceQuality "1"]
[TimeControl "900+10"]

1. Nf3 Nf6 2. c4 e6 3. g3 d5 4. Bg2 Be7 5. O-O O-O 6. b3 b6 7. Bb2 Bb7 8. e3 dxc4 9. bxc4 c5 10. Nc3 Nc6 11. Qe2 Nb4 12. Ne1 Bxg2 13. Kxg2 Qc7 14. f4 Rad8 15. a3 Nc6 16. g4 Qb7 17. Kg1 a6 18. Rb1 Qd7 19. d3 h6 20. h4 Ne8 21. g5 Kh7 22. Rf2 Nd6 23. gxh6 gxh6 24. Qh5 Rg8+ 25. Rg2 Rxg2+ 26. Nxg2 Rg8 27. Ne4 f5 28. Ng5+ Bxg5 29. hxg5 Nf7 30. Bf6 Qe8 31. Rxb6 e5 32. Rb7 1-0

[Event "Szansa Chess Open 2022"]
[Site "Warsaw"]
[Date "2022.09.17"]
[Round "4.6"]
[White "Kulesza, Andrzej"]
[Black "Nguyen, Piotr"]
[Result "1-0"]
[ECO "B06"]
[WhiteElo "2014"]
[BlackElo "2421"]
[Annotator "ChessBase"]
[PlyCount "121"]
[EventDate "2022.09.17"]
[EventCountry "POL"]
[SourceTitle "playchess.com"]
[Source "ChessBase"]
[SourceQuality "1"]
[TimeControl "900+10"]

1. e4 g6 2. Nf3 Bg7 3. Bc4 e6 4. O-O d5 5. exd5 exd5 6. Re1+ Ne7 7. Be2 O-O 8. d4 c5 9. dxc5 Nd7 10. c3 Nxc5 11. Be3 Ne6 12. Nd4 Nc6 13. Nxe6 Bxe6 14. Qc1 Re8 15. Bf3 Rc8 16. Bg5 Qb6 17. Nd2 d4 18. Ne4 dxc3 19. Nf6+ Kh8 20. bxc3 Red8 21. Qf4 h5 22. Qh4 Ne7 23. Re5 Rc4 24. Re4 Nf5 25. Qf4 Rxc3 26. Rae1 Rc2 27. Bd1 Rxa2 28. g4 Ra1 29. gxf5 Rdxd1 30. Kg2 Qd6 31. Qxd6 Rxd6 32. fxe6 Rxe1 33. Rxe1 Rxe6 34. Rxe6 fxe6 35. Ne4 Bd4 36. Kf3 Kg7 37. Ke2 a5 38. Bd2 a4 39. Bc1 b5 40. Ba3 Be5 41. h3 Kh6 42. Kd3 g5 43. Bc1 Kg6 44. Nxg5 b4 45. Nxe6 a3 46. Nd4 Kf6 47. f4 Bd6 48. Ke4 h4 49. Nb3 Ke6 50. Be3 Be7 51. Bc5 Bf6 52. f5+ Kd7 53. Bd4 Ke7 54. Bxf6+ Kxf6 55. Kf4 a2 56. Ke4 Ke7 57. Ke5 Kf7 58. f6 Kf8 59. Ke6 Ke8 60. Na1 Kf8 61. f7 1-0

[Event "Szansa Chess Open 2022"]
[Site "Warsaw"]
[Date "2022.09.17"]
[Round "4.7"]
[White "Kowalski, Igor"]
[Black "Golecki, Jan"]
[Result "0-1"]
[ECO "A46"]
[WhiteElo "2344"]
[BlackElo "2193"]
[Annotator "ChessBase"]
[PlyCount "60"]
[EventDate "2022.09.17"]
[EventCountry "POL"]
[SourceTitle "playchess.com"]
[Source "ChessBase"]
[SourceQuality "1"]
[TimeControl "900+10"]

1. d4 Nf6 2. Nf3 e6 3. g3 d5 4. Bg2 c6 5. O-O Be7 6. c4 O-O 7. Qd3 Ne4 8. Nbd2 f5 9. Ne5 Nd7 10. Ndf3 g5 11. Nxd7 Bxd7 12. Ne5 Bf6 13. f3 Nd6 14. c5 Nf7 15. f4 Be8 16. g4 Nh6 17. Qg3 Kh8 18. fxg5 Bxg5 19. Bxg5 Qxg5 20. h4 Qg7 21. g5 Bh5 22. Bf3 f4 23. Qh2 Be8 24. Bg2 Nf5 25. Rxf4 Bh5 26. Bh3 h6 27. Bxf5 hxg5 28. Ng6+ Bxg6 29. hxg5+ Bh7 30. Bxh7 Qxg5+ 0-1

[Event "Szansa Chess Open 2022"]
[Site "Warsaw"]
[Date "2022.09.17"]
[Round "4.8"]
[White "Jarmula, Lukasz"]
[Black "Mulawa, Cyprian"]
[Result "1-0"]
[ECO "D10"]
[WhiteElo "2457"]
[BlackElo "2149"]
[Annotator "ChessBase"]
[PlyCount "109"]
[EventDate "2022.09.17"]
[EventCountry "POL"]
[SourceTitle "playchess.com"]
[Source "ChessBase"]
[SourceQuality "1"]
[TimeControl "900+10"]

1. d4 d5 2. c4 c6 3. cxd5 cxd5 4. Nc3 Nf6 5. Bf4 Nc6 6. Nf3 a6 7. Rc1 Bf5 8. e3 e6 9. Be2 Bd6 10. Ne5 Bxe5 11. Bxe5 Nxe5 12. dxe5 Nd7 13. Qd4 Qb6 14. O-O Qxd4 15. exd4 Ke7 16. g4 Bg6 17. f4 f5 18. exf6+ Nxf6 19. g5 Nd7 20. Bg4 Kd6 21. f5 exf5 22. Bxf5 Nb6 23. Bxg6 hxg6 24. Rf7 Rh5 25. Rxg7 Rxg5+ 26. Kh1 Nd7 27. Rg1 Rxg1+ 28. Kxg1 Rc8 29. Rxg6+ Ke7 30. Nxd5+ Kf7 31. Rd6 Rc1+ 32. Kg2 Rc2+ 33. Kg3 Ke8 34. Re6+ Kf8 35. Rd6 Ke8 36. Nb6 Nf8 37. Na4 b5 38. Nc5 a5 39. Ra6 a4 40. b3 Rxa2 41. bxa4 bxa4 42. Rxa4 Rc2 43. h4 Kf7 44. h5 Kg7 45. Ra6 Nh7 46. Ne4 Re2 47. Kf3 Rh2 48. Rg6+ Kf8 49. h6 Rh3+ 50. Kf4 Rh1 51. d5 Rf1+ 52. Ke5 Rf7 53. d6 Ke8 54. Rg7 Nf8 55. Nf6+ 1-0

[Event "Szansa Chess Open 2022"]
[Site "Warsaw"]
[Date "2022.09.17"]
[Round "4.9"]
[White "Siekanska, Maria"]
[Black "Psyk, Radoslaw"]
[Result "0-1"]
[ECO "A52"]
[WhiteElo "2029"]
[BlackElo "2404"]
[Annotator "ChessBase"]
[PlyCount "112"]
[EventDate "2022.09.17"]
[EventCountry "POL"]
[SourceTitle "playchess.com"]
[Source "ChessBase"]
[SourceQuality "1"]
[TimeControl "900+10"]

1. d4 Nf6 2. c4 e5 3. dxe5 Ng4 4. Bf4 Nc6 5. Nf3 Bb4+ 6. Nbd2 Qe7 7. e3 Ngxe5 8. Nxe5 Nxe5 9. Be2 d6 10. O-O a5 11. Nb3 a4 12. a3 Bc3 13. bxc3 axb3 14. Qxb3 Nd7 15. Bf3 Nc5 16. Qb5+ Bd7 17. Qb1 g5 18. Bg3 h5 19. h3 g4 20. hxg4 hxg4 21. Be2 Qg5 22. Re1 Bc6 23. Qd1 Qh6 24. f3 gxf3 25. Bxf3 Bxf3 26. gxf3 O-O-O 27. Kf2 Rdg8 28. Rg1 Qg6 29. Rg2 Rh3 30. Qg1 Qc2+ 31. Kf1 Qd3+ 32. Kf2 Qd2+ 33. Kf1 Qxc3 34. Be5 Qxc4+ 35. Ke1 Re8 36. Rg8 Rxg8 37. Qxg8+ Kd7 38. Qg2 Rh5 39. Bd4 Nd3+ 40. Kd2 Ne5 41. Bxe5 Rxe5 42. Qg4+ Qxg4 43. fxg4 Rg5 44. Rg1 f5 45. Rb1 fxg4 46. Rxb7 g3 47. Rb1 c5 48. e4 g2 49. Rg1 Kc6 50. a4 Kb6 51. Ke3 Ka5 52. Kf4 Rg8 53. e5 dxe5+ 54. Kxe5 Kb4 55. Ke4 c4 56. Ke3 Kc3 0-1

[Event "Szansa Chess Open 2022"]
[Site "Warsaw"]
[Date "2022.09.17"]
[Round "4.10"]
[White "Krupa, Bartlomiej"]
[Black "Lewtak, Damian"]
[Result "0-1"]
[ECO "B06"]
[WhiteElo "1868"]
[BlackElo "2386"]
[Annotator "ChessBase"]
[PlyCount "72"]
[EventDate "2022.09.17"]
[EventCountry "POL"]
[SourceTitle "playchess.com"]
[Source "ChessBase"]
[SourceQuality "1"]
[TimeControl "900+10"]

1. e4 g6 2. d4 Bg7 3. c4 d6 4. Nf3 Bg4 5. Be2 e5 6. d5 Nd7 7. h3 Bxf3 8. Bxf3 Ne7 9. Nc3 O-O 10. Bg5 f6 11. Be3 f5 12. O-O f4 13. Bd2 g5 14. Bg4 Nf6 15. Be6+ Kh8 16. b4 a6 17. c5 Qe8 18. Rc1 Qg6 19. cxd6 cxd6 20. f3 h5 21. Na4 g4 22. hxg4 hxg4 23. Kf2 gxf3 24. Rh1+ Bh6 25. Qxf3 Nxe4+ 26. Ke1 Ng3 27. Rh3 Rf6 28. Rc7 Nef5 29. Qc3 Raf8 30. Nb6 Nd4 31. Nd7 Qb1+ 32. Qc1 Qe4+ 33. Be3 Qxg2 34. Bf2 Qf1+ 35. Kd2 Qe2+ 36. Kc3 Ne4# 0-1

[Event "Szansa Chess Open 2022"]
[Site "Warsaw"]
[Date "2022.09.17"]
[Round "5"]
[White "Lewicki, Miroslaw"]
[Black "Kaczmarska, Joanna"]
[Result "0-1"]
[ECO "A01"]
[WhiteElo "2336"]
[BlackElo "1948"]
[Annotator "ChessBase"]
[PlyCount "133"]
[EventDate "2022.09.17"]
[EventCountry "POL"]
[SourceTitle "playchess.com"]
[Source "ChessBase"]
[SourceQuality "1"]
[TimeControl "900+10"]

1. b3 Nf6 2. Bb2 g6 3. g3 Bg7 4. Bg2 O-O 5. e3 d6 6. Ne2 e5 7. O-O Re8 8. d4 Nbd7 9. c4 c6 10. Nbc3 Qe7 11. Ba3 exd4 12. Nxd4 Nc5 13. Qc2 Nfe4 14. Nxe4 Nxe4 15. Rad1 Bxd4 16. Rxd4 Bf5 17. g4 c5 18. Rdd1 Bxg4 19. f3 Bh5 20. fxe4 Bxd1 21. Rxd1 Qg5 22. Qd3 Re6 23. Bb2 Rae8 24. Qc3 f6 25. Kh1 Qg4 26. Rf1 Rf8 27. Qd3 Kg7 28. Qd5 Rf7 29. h3 Qe2 30. Qxe6 Qxb2 31. Qxd6 b6 32. e5 fxe5 33. Rxf7+ Kxf7 34. a4 Qc1+ 35. Kh2 Qxe3 36. Qd5+ Kg7 37. Qf3 Qd2 38. Kg3 Qe1+ 39. Kh2 Qd2 40. Qe4 h5 41. h4 Qc3 42. Bf1 Qb2+ 43. Kg3 Qxb3+ 44. Bd3 Qxa4 45. Qxg6+ Kf8 46. Qf6+ Ke8 47. Qxe5+ Kd8 48. Qxh5 Qa1 49. Qd5+ Ke7 50. h5 Qe1+ 51. Kf4 Qh4+ 52. Ke3 Qg3+ 53. Kd2 Qf2+ 54. Kc3 Qe1+ 55. Kb3 Qb4+ 56. Kc2 Qa4+ 57. Kd2 Qa5+ 58. Ke2 Qa2+ 59. Kf3 Qh2 60. Qg5+ Ke8 61. Bg6+ Kd7 62. Qf5+ Ke7 63. Qf7+ Kd8 64. Qf8+ Kd7 65. Bf5+ Kc7 66. Qc8+ Kd6 67. Qb8+ 0-1

[Event "Szansa Chess Open 2022"]
[Site "Warsaw"]
[Date "2022.09.17"]
[Round "5"]
[White "Rudzinska, Michalina"]
[Black "Podgorski, Maciej"]
[Result "0-1"]
[ECO "C24"]
[WhiteElo "2289"]
[BlackElo "2059"]
[Annotator "TA"]
[PlyCount "82"]
[EventDate "2022.09.17"]
[EventCountry "POL"]
[SourceTitle "playchess.com"]
[Source "ChessBase"]
[SourceQuality "1"]
[TimeControl "900+10"]

1. e4 e5 2. Bc4 Nf6 3. d3 c6 4. Nf3 d5 5. Bb3 Bd6 6. Nc3 O-O {[%emt 0:01:26] C24: Bishop's Opening: 2...Nf6.} 7. Bg5 d4 8. Ne2 h6 {[%emt 0:00:01] The position is equal.} 9. Bh4 a5 10. a4 Na6 {[%emt 0:00:35] [#]} 11. O-O $146 ({Predecessor:} 11. c3 dxc3 12. bxc3 Nc5 13. Bc2 Bg4 14. h3 Bxf3 15. gxf3 Ne6 16. Rg1 c5 17. Qd2 {1-0 (48) Ter Schegget,B (2139)-Muheim,S (2005) Sibenik 2007}) 11... Nc5 12. Nexd4 exd4 $17 13. e5 $1 Nxb3 14. cxb3 Be7 {[%emt 0:00:16] aiming for ...Nd5.} 15. exf6 Bxf6 16. Bg3 Bg4 17. h3 {[%emt 0:00:35] [#]} Bh5 18. Re1 Qd5 19. Re4 Rfe8 20. Qc2 (20. Qb1 $17) 20... Rxe4 $19 21. dxe4 d3 22. exd5 dxc2 23. Rc1 Bg6 $36 {[%emt 0:00:08][%mdl 2048] Keeping White busy.} (23... cxd5 24. Rxc2 Rd8 25. Rc7 $11) 24. Be5 cxd5 {[%emt 0:00:21] White must now prevent ...Bxe5.} 25. Bxf6 gxf6 {[%emt 0:00:02][%mdl 4096] Endgame KRB-KRN} 26. Nd4 Kg7 27. f3 Re8 28. Kf2 {[%emt 0:00:02] Against Re3} Bd3 ({Worse is} 28... Rc8 29. Ke3 $11) 29. g4 $2 {[%emt 0:00:26] [#] White does not recover from this.} (29. h4 $17 {was necessary.}) 29... f5 $1 ({Stronger than} 29... Rc8 30. Ke3 Bh7 31. Nb5 $15) 30. Nxf5+ $2 (30. Kg3) 30... Bxf5 31. gxf5 {[%emt 0:00:02] KR-KR} Rc8 32. Ke3 Kf6 33. Kd4 Kxf5 34. Kxd5 Kf4 35. Kd4 Kxf3 36. Kd3 Rd8+ 37. Kc3 Ke3 38. Re1+ Kf2 39. Rc1 Rc8+ 40. Kd2 f5 41. h4 f4 {[%emt 0:00:03] Weighted Error Value: White=0.75/Black=0.03 (flawless)} 0-1

[Event "Szansa Chess Open 2022"]
[Site "Warsaw"]
[Date "2022.09.17"]
[Round "5"]
[White "Janeczko, Jakub"]
[Black "Piotrowski, Daniel"]
[Result "1-0"]
[ECO "B20"]
[WhiteElo "2159"]
[BlackElo "1758"]
[Annotator "TA"]
[PlyCount "55"]
[EventDate "2022.09.17"]
[EventCountry "POL"]
[SourceTitle "playchess.com"]
[Source "ChessBase"]
[SourceQuality "1"]
[TimeControl "900+10"]

1. e4 c5 2. d3 Nc6 3. g3 g6 4. Bg2 Bg7 5. f4 e6 6. Nf3 Nge7 7. O-O d5 8. c3 O-O 9. Na3 a6 {[%emt 0:00:25] B20: Sicilian: Unusual White 2nd moves.} 10. e5 d4 (10... Nf5 $11 {remains equal.}) 11. c4 (11. Nc4 $16) 11... b6 {[%emt 0:01:07] White is slightly better.} 12. Nc2 {[%emt 0:00:04] [#]} (12. Ng5 {looks sharper.} Bb7 13. Nc2 Qd7 14. Ne4) 12... a5 $146 ({Predecessor:} 12... b5 13. b3 Bb7 14. Ng5 Qc7 15. g4 Nd8 16. Bxb7 Nxb7 17. Bd2 Rae8 18. Qf3 Kh8 {0-1 (53) Dunn,A (1840)-Mackle,D (2104) Exeter 2008}) 13. Qe2 Rb8 14. a4 Bb7 15. Bd2 Nb4 (15... h5 {seems wilder.} 16. Ng5 Nf5 17. b3 Re8) 16. Nxb4 axb4 17. Be1 Ra8 18. b3 Bc6 {[%emt 0:00:01] [#]} ({Black should try} 18... Qd7 $14) 19. g4 $1 $16 Qd7 20. Bh4 Nc8 (20... Bxf3 $16 21. Bxf3 (21. Qxf3 Ra7 $14) 21... Ra7) 21. Ng5 $18 Bxg2 22. Qxg2 ({Much less strong is} 22. Kxg2 $6 Ne7 $16) 22... Na7 $2 {[%emt 0:00:01] [#]} (22... Ne7 23. Ne4 h6) 23. Ne4 {[%emt 0:00:05] White is clearly winning.} f5 (23... Rfc8 $142 24. a5 bxa5 25. Rxa5 Nc6 26. Rxc5 (26. Nxc5 Qe8 $18) 26... Ra5 27. Rxa5 Nxa5) 24. exf6 Bh8 25. a5 b5 26. Nxc5 Qd6 27. Ne4 Qc7 28. f5 {[%emt 0:00:23] Weighted Error Value: White=0.12 (very precise) /Black=0.60} 1-0

[Event "Szansa Chess Open 2022"]
[Site "Warsaw"]
[Date "2022.09.17"]
[Round "5"]
[White "Derylo, Kamil"]
[Black "Zochowski, Kacper"]
[Result "0-1"]
[ECO "A41"]
[WhiteElo "2143"]
[BlackElo "2257"]
[Annotator "TA"]
[PlyCount "182"]
[EventDate "2022.09.17"]
[EventCountry "POL"]
[SourceTitle "playchess.com"]
[Source "ChessBase"]
[SourceQuality "1"]
[TimeControl "900+10"]

1. d4 d6 2. Bg5 g6 3. Nc3 Bg7 4. e4 Nc6 5. Nge2 h6 6. Be3 {[%emt 0:00:09] B06: Modern Defence.} e5 7. f3 {[%emt 0:00:47] [#]} exd4 $146 ({Predecessor:} 7... Nge7 8. dxe5 Nxe5 9. Nf4 Be6 10. Qd2 a6 11. Nxe6 fxe6 12. Be2 N7c6 13. O-O Qe7 {1-0 (42) Boudre,J (2370)-Pleynet,O (1988) Marseille 2003}) 8. Nxd4 {[%emt 0:00:04] White is slightly better.} Nxd4 9. Bxd4 Nf6 10. Bc4 (10. Qd2 $16) 10... O-O $14 11. O-O c6 12. Qd2 b5 13. Be2 (13. Bb3 {keeps more tension.} a5 14. a3 a4 15. Ba2) 13... b4 (13... Be6 $11) 14. Nd1 c5 15. Be3 Kh7 16. Nf2 Ne8 17. c3 (17. Bxc5 $5 Bxb2 18. Rad1 $14 (18. Bxb4 Bxa1 19. Rxa1 Qe7 $14)) 17... bxc3 18. bxc3 Qa5 19. Rac1 Be6 20. c4 (20. Rc2 $5 ) 20... Qa6 21. e5 dxe5 22. Bxc5 (22. Ne4 $14) 22... Rh8 23. Rfd1 Nf6 24. Bd6 Rhd8 25. c5 Qa4 26. Rb1 (26. Qe3 $14) 26... Ne8 $11 27. Bb5 Qh4 (27... Qxa2 $15 {keeps the upper hand.} 28. Rb2 Qa3 29. Bxe8 e4) 28. Bxe8 (28. Rb4 $18 Qh5 29. Bxe8 Rxe8 30. c6) 28... Rxe8 $16 29. Re1 ({Better is} 29. c6 $16) 29... Qc4 30. Bxe5 Qxc5 31. Bxg7 Kxg7 32. Rbc1 Qb6 33. Rb1 Rad8 34. Qf4 (34. Qe2 $11 {and White is okay.} Qd4 35. Rbd1) 34... Qd4 (34... Bxa2 $19 35. Ra1 Rxe1+ 36. Rxe1 a5) 35. Re4 Qc5 36. Rbe1 Rf8 37. a4 Bf5 38. Re5 Qc3 (38... Qd4 $5 39. Qg3 Bd7 $11) 39. R5e3 Qd4 40. Qc7 Rd7 41. Qc6 Rd6 $40 {[%emt 0:00:02][%mdl 128] Black attacks.} 42. Qc7 (42. Qb7 $15) 42... Rc8 $1 $17 43. Qe7 {[%emt 0:00:03] [#]} Rd7 $1 44. Qa3 Rc2 45. g4 Be6 {[%emt 0:00:08] Black has more active pieces.} 46. Qd3 $2 (46. R1e2 $17 Rdc7 47. Rd3) 46... Qxa4 $2 (46... Qb2 47. Qb5 Rxf2 48. Qxb2+ Rxb2) 47. Qe4 $19 Qxe4 48. Nxe4 Rb7 49. Rc3 Rxc3 50. Nxc3 {[%emt 0:00:02][%mdl 4096] Endgame KRB-KRN} Rb3 51. Rc1 a5 52. Kf2 Rb2+ 53. Ke3 Rxh2 54. Ra1 Rc2 (54... Bd7 $19 {has better winning chances. Threatens to win with ...Rc2.} 55. Rxa5 Rh3) 55. Kd3 $17 Rf2 56. Ke3 Rc2 57. Kd3 Rh2 (57... Rb2 $17 {...f5 is the strong threat.} 58. Rxa5 f5) 58. Rxa5 {[%emt 0:00:15][%mdl 8192] [#] White is on the road to losing.} (58. Ke3 $1 $11) 58... Rh3 $1 $19 59. Ke2 Bxg4 $1 60. fxg4 Rxc3 {[%emt 0:00:02] KR-KR} 61. Kf2 Rb3 62. Rc5 Kf6 63. Ra5 Rc3 64. Rb5 Rh3 {[%emt 0:00:10] Strongly threatening ...h5.} 65. Kg2 Re3 66. Ra5 Re5 67. Ra7 Kg5 (67... h5 $142 68. gxh5 gxh5 69. Ra8 Rg5+ 70. Kf3 Rb5 71. Rh8 Rc5 72. Kg3 Kg7 73. Re8 Rc4 74. Re5 Kg6 75. Re8 h4+ 76. Kh3 Ra4 77. Rg8+ Kf6 78. Rd8 Kg6 79. Rg8+ Kh7 80. Rd8 Kh6 81. Rh8+ Kg5 82. Rg8+ Kh5 83. Rh8+ Kg6 84. Rg8+) 68. Ra4 h5 69. gxh5 Kxh5 70. Kg3 Kg5 71. Rg4+ Kf6 72. Ra4 g5 73. Ra7 Kg6 74. Ra6+ f6 75. Kg4 Rb5 76. Rc6 Rb4+ 77. Kg3 Re4 78. Ra6 Kf5 79. Ra3 Re5 80. Rb3 Kg6 81. Rb6 Re3+ 82. Kg4 Re1 83. Ra6 Rg1+ 84. Kf3 Rb1 85. Kg4 Rb4+ 86. Kg3 g4 {[%emt 0:00:03] ( -> ...Kg5)} 87. Ra8 Kg5 {[%emt 0:00:01] Black mates.} 88. Rg8+ Kf5 89. Kh4 Rb1 90. Kg3 Rb3+ 91. Kg2 Kf4 {[%emt 0:00:01] Weighted Error Value: White=0.49/Black=0.36} 0-1

[Event "Szansa Chess Open 2022"]
[Site "Warsaw"]
[Date "2022.09.17"]
[Round "5"]
[White "Alvarado, Carlos"]
[Black "Seredyn, Dominik"]
[Result "1-0"]
[ECO "B20"]
[WhiteElo "2108"]
[BlackElo "1720"]
[Annotator "TA"]
[PlyCount "49"]
[EventDate "2022.09.17"]
[EventCountry "POL"]
[SourceTitle "playchess.com"]
[Source "ChessBase"]
[SourceQuality "1"]
[TimeControl "900+10"]

1. e4 c5 2. b3 Nc6 3. Bb2 Nf6 4. e5 Nd5 5. Nf3 d6 6. Bb5 Bd7 {[%emt 0:00:06] B30: Sicilian: 2...Nc6 3 Bb5, lines without ...g6.} 7. exd6 exd6 ({Don't do} 7... Ncb4 8. Bxd7+ Qxd7 9. O-O $14) 8. O-O Be7 {[%emt 0:01:49] [#] White is slightly better.} 9. Nc3 $146 ({Predecessor:} 9. d4 Bf6 10. c4 Nde7 11. Nbd2 O-O 12. Ne4 Ng6 13. Nxd6 Nxd4 14. Nxb7 Qc7 15. Bxd4 cxd4 16. Bxd7 Qxd7 {0-1 (43) Reprintsev,A (2353)-Tregubov,P (2537) Chess.com INT 2022}) 9... Nc7 10. Bc4 Be6 11. Bxe6 fxe6 12. d4 cxd4 13. Nxd4 Nxd4 14. Qxd4 O-O 15. Rad1 e5 (15... Rf7 $14) 16. Qe4 (16. Qc4+ $142 Kh8 17. Ne4) 16... Qc8 17. f4 {[%emt 0:00:19] White is more active.} Ne6 {[%emt 0:02:39] [#]} (17... Rb8 $16) 18. Nd5 $1 $18 (18. fxe5 $6 Qc5+ 19. Kh1 Rxf1+ 20. Rxf1 dxe5 $16) 18... Bf6 (18... Qc5+ $16 19. Kh1 Bf6) 19. fxe5 dxe5 20. Bxe5 Qc5+ 21. Kh1 Bxe5 22. Qxe5 Rfe8 23. c4 ({Don't take} 23. Qf5 $6 Kh8 24. c4 Rad8 $18) 23... Rad8 24. h3 Nf8 $2 {[%emt 0:01:18] [#]} (24... Kh8 25. Rf7 a5) 25. Nf6+ $1 {[%emt 0:00:06][%mdl 512] Weighted Error Value: White=0.06 (flawless) /Black=0.23 (precise)} 1-0

[Event "Szansa Chess Open 2022"]
[Site "Warsaw"]
[Date "2022.09.17"]
[Round "5"]
[White "Slomczewski, Michal"]
[Black "Klim, Filip"]
[Result "1-0"]
[ECO "B51"]
[WhiteElo "2108"]
[BlackElo "2011"]
[Annotator "TA"]
[PlyCount "47"]
[EventDate "2022.09.17"]
[EventCountry "POL"]
[SourceTitle "playchess.com"]
[Source "ChessBase"]
[SourceQuality "1"]
[TimeControl "900+10"]

1. e4 c5 2. Nf3 d6 3. Bb5+ Nd7 4. O-O a6 5. Bc4 e6 6. a4 {[%emt 0:00:01] B51: Sicilian: Moscow Variation (3 Bb5+) without 3...Bd7.} Ngf6 7. Re1 Be7 {[%emt 0:00:22] [#]} 8. Bb3 $146 {[%emt 0:01:03] The position is equal.} ({Predecessor:} 8. a5 O-O 9. d3 b5 10. axb6 Nxb6 11. Ba2 a5 12. Nbd2 Bb7 13. h3 d5 14. e5 {1-0 (27) Przybylski,W (2321)-Fathy,E (2300) Chess.com INT 2022}) 8... O-O 9. c3 Rb8 10. d4 b5 11. axb5 axb5 12. e5 Nd5 13. Bxd5 exd5 14. dxc5 (14. Bf4 $1 $14 {might be stronger.}) 14... Nxc5 $11 15. Bf4 Bb7 (15... b4 $11) 16. Nd4 $14 dxe5 17. Bxe5 Bd6 18. Bxd6 {[%emt 0:03:55] White is much more active. The black rooks are badly placed.} ({Reject} 18. Nxb5 $6 Bxe5 19. Rxe5 Ne4 $11) 18... Qxd6 19. Na3 {[%emt 0:00:01] Pair of Knights!} ({Much weaker is} 19. Nxb5 $6 Qg6 $11) 19... Qd7 (19... b4 $142) 20. Nac2 Rfe8 21. Qf3 Re4 22. Rxe4 dxe4 {[%emt 0:00:07] [#]} 23. Qg3 Ra8 (23... Rf8 $16) 24. Rxa8+ {[%emt 0:00:07] Weighted Error Value: White=0.08 (flawless) /Black=0.20 (precise)} 1-0

[Event "Szansa Chess Open 2022"]
[Site "Warsaw"]
[Date "2022.09.17"]
[Round "5"]
[White "Omar, Ahmed"]
[Black "Rak, Maciej"]
[Result "0-1"]
[ECO "B20"]
[WhiteElo "2064"]
[BlackElo "1866"]
[Annotator "TA"]
[PlyCount "60"]
[EventDate "2022.09.17"]
[EventCountry "POL"]
[SourceTitle "playchess.com"]
[Source "ChessBase"]
[SourceQuality "1"]
[TimeControl "900+10"]

1. e4 c5 2. b4 cxb4 3. d4 d5 4. exd5 Qxd5 5. c4 Qe4+ 6. Be3 {[%emt 0:00:21] [#] B20: Sicilian: Unusual White 2nd moves.} Bf5 $146 ({Predecessor:} 6... e6 7. Nf3 Nf6 8. Bd3 Qc6 9. O-O Nbd7 10. Nbd2 a5 11. Qc2 Be7 12. Ne4 b6 {1-0 (34) Sadiku,Y (1810)-Qorri,F (1988) Pristina 2022}) 7. Qa4+ Qc6 8. Qxb4 {[%emt 0:00:04] The position is equal.} e5 (8... e6 $5 9. Qb3 Nd7 $11) 9. Qb3 (9. c5 $1 $11 a6 10. Nf3 (10. dxe5 Nd7 $11)) 9... exd4 $15 10. Bxd4 Na6 11. Nf3 O-O-O {[%emt 0:02:52] White must now prevent ...Bc5.} 12. Nc3 Nf6 {[%emt 0:02:54] ...Nb4 is the strong threat.} 13. Be2 Nc5 14. Bxc5 Bxc5 15. O-O Rhe8 {[%emt 0:00:12] Black has more active pieces. The white rooks are badly placed.} 16. Nh4 (16. Rad1 $15) 16... Bg4 ({Better is} 16... Bd3 $19 17. Bxd3 Rxd3) 17. Bxg4+ (17. Nf3 $15) 17... Nxg4 $19 18. Nf3 $2 (18. Nd1) 18... Rd3 19. Qc2 Rxf3 20. gxf3 Qxf3 21. Rad1 {[%emt 0:01:23] Inhibits Bd6.} Qh3 $2 (21... Qf4 $19 22. Qxh7 Bxf2+ 23. Rxf2 Qxf2+ 24. Kh1 Re1+ 25. Rxe1 Qxe1+ 26. Kg2 Qf2+ 27. Kh3 Qxh2+ 28. Kxg4 Qxh7) 22. Qf5+ $14 Re6 $2 (22... Kb8 $14 23. Qf4+ Ne5) 23. Qf4 $4 {[%emt 0:00:12][%mdl 8192] [#]} (23. Qxc5+ {mates} Rc6 24. Qf8+ Kc7 25. Qd8#) 23... Rf6 $2 {[%emt 0:00:12] Chess con chili.} ({Weaker is} 23... Nxh2 24. Rd8+ Kxd8 25. Qb8+ Kd7 26. Qxb7+ Kd8 27. Qb8+ Kd7 28. Qb7+ Kd8 29. Qb8+ Kd7 30. Qb7+ $11) ({Black should try} 23... Ne5 $1 $19 {( -> ...Rg6+)} 24. Kh1 Qxc3) 24. Qg3 $2 (24. Rd8+ $1 $11 {and White stays safe.} Kxd8 25. Qb8+ Kd7 26. Qxb7+ Kd8 27. Qb8+ Kd7 28. Qb7+ Kd8 29. Qb8+ Kd7 30. Qb7+) 24... Rxf2 $2 $40 {[%emt 0:00:12][%mdl 128] Black is up to no good.} 25. Rd8+ $1 $11 {[%emt 0:05:02][%mdl 64] Decoy} Kxd8 26. Qb8+ Ke7 27. Nd5+ $2 {[%emt 0:00:04][%mdl 8192] [#]} (27. Qxb7+ $11 Kd8 28. Qd5+ Ke8 29. Qc6+ Kd8 30. Qd5+ Ke8 31. Qc6+ Kd8 32. Qd5+) 27... Ke6 {[%emt 0:00:09][%csl Gh3][%cal Rf2f1] Black mates.} 28. Qe8+ Kf5 $1 29. Qxf7+ Ke4 30. Qe6+ Kd3 {[%emt 0:00:10] Black used his chance.  Weighted Error Value: White=1.05/Black=0.95} 0-1